 Dungeon Crawl Stone Soup version 0.31.0-32-g396128a36d (webtiles) character file.

Game seed: 5003220051824268012

8959 601d51SH the Cleaver (level 11, -11/100 HPs)
             Began as a Hill Orc Fighter on Apr 2, 2024.
             Mangled by an orc warlord
             ... wielding a +3 battleaxe
              (14 damage)
             ... in a bailey.
             The game lasted 00:21:06 (7546 turns).

601d51SH the Cleaver (Hill Orc Fighter)             Turns: 7546, Time: 00:21:09

Health: -11/100    AC: 16    Str: 30    XL:     11   Next: 39%
Magic:  0/0        EV: 13    Int: 11    God:
Gold:   125        SH:  6    Dex: 10    Spells: 10/10 levels left

rFire   . . .        R - +1 war axe (venom)
rCold   + + .        c - +0 buckler
rNeg    . . .        v - +2 ring mail of Indecent Exposure {-Cast Harm rPois SInv}
rPois   +            F - +2 helmet of Insurance {rPois Regen+ MP-9 Int+3}
rElec   .            E - +0 cloak
rCorr   .            p - +0 pair of gloves
SInv    +            h - +0 pair of boots
Will    .....        (no amulet) Stlth
                     l - +6 ring of strength
HPRegen 1.16/turn    w - ring of protection from cold
MPRegen 0.07/turn

%: no spellcasting, random rage (3%), harm (+30% outgoing, +20% incoming)
@: no status effects
A: berserk 1, cold resistance 1, low MP 1
a: no special abilities


You were in a bailey.
You visited 2 branches of the dungeon, and saw 9 of its levels.
You also visited: Bailey.

You collected 405 gold pieces.
You spent 280 gold pieces at shops.

Inventory:

Hand Weapons
 a - a +2 short sword of draining
 D - a +3 quarterstaff of chaos
 O - a +1 flail of holy wrath
 R - a +1 war axe of venom (weapon)
 V - a +3 spear of freezing
 W - a +5 spear
Missiles
 H - 5 atropa-tipped darts (quivered)
 L - 14 poisoned darts
Armour
 c - a +0 buckler (worn)
 h - a +0 pair of boots (worn)
 p - a +0 pair of gloves (worn)
 v - the +2 ring mail of Indecent Exposure (worn) {-Cast Harm rPois SInv}
   (You found it on level 3 of the Dungeon)

   rPois:     It protects you from poison SInv: It lets you see invisible.
   -Cast:     It prevents spellcasting.
   Harm:      It increases damage dealt and taken.
 E - a +0 cloak (worn)
 F - the +2 helmet of Insurance (worn) {rPois Regen+ MP-9 Int+3}
   (You found it on level 5 of the Dungeon)

   Int+3:     It affects your intelligence (+3).
   rPois:     It protects you from poison MP-9: It affects your magic capacity
   (-9).
   Regen+:    It increases your rate of health regeneration.
Jewellery
 e - a ring of protection from cold
 l - a +6 ring of strength (left hand)
 q - an amulet of faith
 w - a ring of protection from cold (right hand)
 z - a ring of magical power
 I - a ring of resist corrosion
Wands
 m - a wand of flame (10)
 Q - a wand of mindburst (7)
Scrolls
 f - 3 scrolls of enchant armour
 k - 2 scrolls of fear {unknown}
 n - 2 scrolls of noise
 o - 2 scrolls of poison
 s - 2 scrolls of blinking {unknown}
 t - a scroll of immolation {unknown}
 u - 3 scrolls of teleportation
 y - a scroll of revelation {unknown}
 J - 2 scrolls of vulnerability
 K - a scroll of acquirement {unknown}
 M - 4 scrolls of identify
Potions
 d - a potion of might
 g - 5 potions of curing
 i - a potion of cancellation {unknown}
 j - a potion of brilliance
 r - 3 potions of lignification
 x - a potion of invisibility
 A - a potion of attraction
 B - a potion of degeneration
 N - a potion of heal wounds {unknown}
 P - a potion of enlightenment


   Skills:
 + Level 10.2 Fighting
 + Level 10.6 Axes
 + Level 9.3 Armour
 + Level 6.2 Dodging
 + Level 9.4 Shields


You had 10 spell levels left.
You didn't know any spells.
Your spell library contained the following spells:

 Spells                   Type           Power      Damage    Failure   Level
 Lesser Beckoning         Tloc           0%         N/A       63%         2
 Gell's Gravitas          Tloc           0%         N/A       85%         3
 Teleport Other           Tloc           0%         N/A       85%         3


Dungeon Overview and Level Annotations

Branches:
Dungeon (8/15)             Temple (1/1) D:6            Lair (0/5) D:8
 Bailey (1/1)

Altars:
Ashenzari
Cheibriados
Dithmenos
Fedhas
Gozag
Makhleb
Nemelex Xobeh
Qazlal
Ru
Sif Muna
Trog
Vehumet
Wu Jian
Xom
Yredelemnul
Zin
The Shining One

Shops:
D:1 ?   D:4 *![?   D:6 :


Innate Abilities, Weirdness & Mutations

You sometimes lose your temper in combat.
Your flesh is cold resistant. (rC+)
Your magical capacity is low. (-10% MP)


Message History

You hit the orc warlord.
The orc warlord is moderately wounded.
You hit the goblin.
You kill the goblin!
You block the orc warlord's attack.
Unknown command.
You slash the orc warlord!
The orc warlord looks as sick as possible!
The orc warlord is heavily wounded.
The orc warlord misses you.
You barely miss the orc warlord.
The orc warlord is heavily wounded.
The orc warlord barely misses you.
You barely miss the orc warlord.
The orc warlord is heavily wounded.
The orc warlord hits you with a +3 battleaxe!!
You closely miss the orc warlord.
The orc warlord is heavily wounded.
The goblin shouts!
The orc warlord barely misses you.
You closely miss the orc warlord.
The orc warlord is severely wounded.
The orc warlord hits you with a +3 battleaxe!!
* * * LOW HITPOINT WARNING * * *
You barely miss the orc warlord.
The orc warlord is severely wounded.
The orc warlord hits you with a +3 battleaxe!
* * * LOW HITPOINT WARNING * * *
It was a potion of mutation.
You feel extremely strange.
You feel resistant to cold.
You feel less energetic.
You feel a little pissed off.
The orc warlord hits you with a +3 battleaxe!
* * * LOW HITPOINT WARNING * * *
Okay, then.
Aiming: Mindburst
Press: ? - help, Shift-Dir - straight line, f - orc warlord
Aim: an orc warlord, wielding a +3 battleaxe and wearing a +0 plate armour (severely wounded, extremely poisoned, chance to affect: 29%)
The orc warlord easily resists.
The orc warlord hits you with a +3 battleaxe!
You die...

.### ###.### ...###
###.....###
.....###.........##
.....)#...........#
.....))...........#
⌠....)#))...⌠.....#
......#...........#
......#........)..#
.....###.......o@###
...###
###.....#)#.### .###
###.###g....# ##
###........!# #
#8........!! #
#8.........? #
.'.....⌠....∩ #
go#8.........? #
g.##8........!?


You could see an orc warlord (extremely poisoned) and a goblin.

Vanquished Creatures
  Erica (D:8)
  A two-headed ogre (D:8)
  Pikel (D:5)
  Maurice (D:7)
  Joseph (D:7)
  A gargoyle (D:8)
  Grinder (D:5)
  A shadow (D:7)
  A wyvern (D:6)
  7 yaks (D:8)
  Menkaure (D:7)
  3 water moccasins
  Duvessa (D:7)
  2 black bears
  9 orc warriors
  2 sky beasts (D:7)
  The ghost of Tripartite the Sneak, an amateur MfDe (D:5)
  A phantom (D:6)
  4 centaurs
  3 lemures (D:5)
  A kobold brigand (D:6)
  8 bullfrogs
  A scorpion (D:7)
  Dowan (D:7)
  12 wights
  A killer bee (D:8)
  2 bombardier beetles
  3 jellies
  5 orc priests
  Crazy Yiuf (D:4)
  7 hounds
  A sleepcap (D:5)
  Jessica (D:2)
  5 iguanas
  7 orc wizards
  15 gnolls
  4 adders
  A white imp (D:7)
  6 ufetubi
  4 dart slugs
  2 ribbon worms
  30 orcs
  9 endoplasms
  4 giant cockroaches
  19 goblins
  14 hobgoblins
  8 jackals (D:1)
  11 kobolds
  3 quokkas
  9 ball pythons
  5 bats (D:2)
  A frilled lizard (D:3)
  5 rats
249 creatures vanquished.

Vanquished Creatures (others)
  A hound (D:5)
  An iguana (D:5)
2 creatures vanquished.

Grand Total: 251 creatures vanquished

Notes
Turn   | Place    | Note
-------+----------+-------------------------------------------
     0 | D:1      | 601d51SH the Hill Orc Fighter began the quest for the Orb.
     0 | D:1      | Reached XP level 1. HP: 19/19 MP: 1/1
    67 | D:1      | Reached XP level 2. HP: 19/27 MP: 2/2
   223 | D:1      | Reached XP level 3. HP: 33/33 MP: 3/3
   347 | D:1      | Found Nydij's Magic Scroll Boutique.
   350 | D:1      | Bought a scroll of identify for 28 gold pieces
   350 | D:1      | Bought a scroll of noise for 14 gold pieces
   782 | D:2      | Noticed Jessica
   788 | D:2      | Killed Jessica
   789 | D:2      | Reached XP level 4. HP: 41/41 MP: 4/4
  1682 | D:3      | Reached XP level 5. HP: 15/47 MP: 5/5
  1866 | D:3      | Reached skill level 1 in Dodging
  1938 | D:3      | Identified the +2 ring mail of Indecent Exposure {-Cast
                  | Harm rPois SInv}
  2564 | D:1      | Bought a scroll of teleportation for 42 gold pieces
  2785 | D:4      | Reached XP level 6. HP: 55/55 MP: 6/6
  2842 | D:4      | Reached skill level 5 in Fighting
  2888 | D:4      | Found a stormy altar of Qazlal.
  3033 | D:4      | Found a runed translucent door.
  3034 | D:4      | Noticed Crazy Yiuf
  3087 | D:4      | Found Naineg's General Store.
  3091 | D:4      | Found Otiazaq's Armour Shop.
  3091 | D:4      | Found Muac's Magic Scroll Shop.
  3092 | D:4      | Found Gohuat's Distillery.
  3099 | D:4      | Bought a potion of attraction for 36 gold pieces
  3099 | D:4      | Bought a potion of degeneration for 12 gold pieces
  3479 | D:4      | Killed Crazy Yiuf
  3602 | D:5      | Entered Level 5 of the Dungeon
  3743 | D:5      | Noticed a water moccasin
  3755 | D:5      | Killed a water moccasin
  3756 | D:5      | Reached XP level 7. HP: 15/61 MP: 7/7
  3759 | D:5      | Reached skill level 5 in Axes
  3759 | D:5      | Reached skill level 5 in Armour
  3759 | D:5      | Reached skill level 5 in Shields
  3987 | D:5      | Found a shimmering blue altar of Sif Muna.
  4030 | D:5      | Identified the +2 helmet of Insurance {rPois Regen+ MP-9
                  | Int+3}
  4157 | D:5      | Noticed Pikel
  4170 | D:5      | Reached XP level 8. HP: 60/70 MP: 0/8
  4182 | D:5      | Killed Pikel
  4205 | D:5      | Found a runed translucent gate.
  4206 | D:5      | Found a runed translucent gate.
  4207 | D:5      | Found a runed translucent gate.
  4248 | D:5      | Noticed Grinder
  4257 | D:5      | Killed Grinder
  4292 | D:5      | Reached XP level 9. HP: 79/79 MP: 0/9
  4295 | D:5      | Found a radiant altar of Vehumet.
  4360 | D:5      | Found a broken altar of Ashenzari.
  4463 | D:5      | Found a sparkling altar of Nemelex Xobeh.
  4640 | D:5      | Noticed Tripartite's ghost (amateur MfDe)
  4653 | D:5      | Killed Tripartite's ghost
  5060 | D:6      | Found a staircase to the Ecumenical Temple.
  5074 | Temple   | Entered the Ecumenical Temple
  5433 | D:6      | Found Osoaphon's Tiny Tomes.
  5928 | D:4      | Bought a potion of enlightenment for 60 gold pieces
  5931 | D:4      | Bought a scroll of poison for 44 gold pieces
  5931 | D:4      | Bought a scroll of vulnerability for 44 gold pieces
  6127 | D:7      | Noticed Maurice
  6313 | D:7      | Killed Maurice
  6314 | D:7      | Reached XP level 10. HP: 81/90 MP: 1/10
  6346 | D:7      | Reached skill level 5 in Dodging
  6407 | D:7      | Noticed Menkaure
  6414 | D:7      | Killed Menkaure
  6445 | D:7      | Found a basalt altar of Yredelemnul.
  6502 | D:7      | Noticed Joseph
  6525 | D:7      | Killed Joseph
  6595 | D:7      | Noticed Duvessa
  6601 | D:7      | Noticed Dowan
  6620 | D:7      | Killed Duvessa
  6620 | D:7      | Killed Dowan
  7039 | D:8      | Found a staircase to the Lair.
  7067 | D:8      | Noticed a gargoyle
  7067 | D:8      | Noticed a two-headed ogre
  7075 | D:8      | Killed a gargoyle
  7080 | D:8      | Noticed Erica
  7081 | D:8      | Killed a two-headed ogre
  7082 | D:8      | Reached skill level 10 in Axes
  7082 | D:8      | Reached XP level 11. HP: 52/99 MP: 2/11
  7107 | D:8      | Killed Erica
  7108 | D:8      | Reached skill level 10 in Fighting
  7240 | D:8      | Found a flagged portal.
  7264 | Bailey   | Entered a bailey
  7520 | Bailey   | Noticed an orc warlord
  7545 | Bailey   | Gained mutation: Your flesh is cold resistant. (rC+)
                  | [potion of mutation]
  7545 | Bailey   | Gained mutation: Your magical capacity is low. (-10% MP)
                  | [potion of mutation]
  7545 | Bailey   | Gained mutation: You sometimes lose your temper in combat.
                  | [potion of mutation]
  7545 | Bailey   | HP: 2/100 [orc warlord/+3 battleaxe (10)]
  7546 | Bailey   | Mangled by an orc warlord

Illustrated notes

Levels and vault maps discovered:
D:1:      minmay_arrival_solitary_statue, layout_rooms, serial_shops,
          nicolae_shop_real_fake_doors
D:2:      layout_loops_corners, corexii_corridor_pit, uniq_jessica
D:3:      layout_loops_ring, serial_rivers, chequers_serial_rivers_room_b,
          chequers_serial_rivers_large_a, chequers_serial_rivers_small_3,
          chequers_serial_rivers_micro_b, chequers_serial_rivers_room_b
D:4:      layout_basic, nicolae_qazlal_scattered_showers,
          minmay_shop_grid_forest, uniq_crazy_yiuf_cottage
D:5:      layout_gridville, fiery_altar_vehumet, mainiacjoe_overflow_brackets,
          lemuel_round_altar, nemelex_diamond_rough_becter,
          ebering_ghost_rock_garden, uniq_grinder, uniq_pikel
D:6:      minmay_spotlight, layout_loops_ring, minmay_temple_entry_junction_2,
          kennysheep_path_1, nicolae_shop_i_like_small_books_too
D:7:      minmay_skewed_foursquare, layout_basic, lemuel_doored_altar,
          uniq_joseph, uniq_duvessa, uniq_menkaure, uniq_maurice
D:8:      kennysheep_ambush_hall, layout_basic,
          nicolae_hepliaklqana_hippocampus, lair_entry_dummy, enter_bailey_5,
          uniq_erica
Temple:   grunt_temple_mini_profane
Bailey:   bailey_axe_minmay_hex_keep, bailey

Skill      XL: |  1  2  3  4  5  6  7  8  9 10 11 |
---------------+----------------------------------+-----
Axes           | 3 4 5 7 8 10 | 10.6
Fighting       | 4 5 6 7 8 9 10 | 10.2
Shields        | 4 5 6 7 9 |  9.4
Armour         | 4 5 6 7 8 9 |  9.3
Dodging        | 1 2 3 4 5 6 |  6.2

Action                     |  1- 3 |  4- 6 |  7- 9 | 10-12 || total
---------------------------+-------+-------+-------+-------++-------
  Melee: War axe           |    64 |   169 |   271 |   192 ||   696
  Evoke: Wand              |       |       |     2 |     1 ||     3
    Use: Scroll            |       |     5 |     1 |       ||     6
         Potion            |       |       |       |     3 ||     3
 Armour: Scale mail        |    47 |    61 |       |       ||   108
         Ring mail         |       |    60 |   183 |   140 ||   383
  Dodge: Dodged            |    43 |    81 |   154 |   116 ||   394
  Block: Buckler           |    16 |    41 |    91 |    59 ||   207
